 Dungeon Crawl Stone Soup version 0.31-a0-303-gdc8c9485ea (webtiles) character file.

Game seed: 2992034001942198343

338 LeprechaunX the Changeling (level 6, -2/42 HPs)
             Began as an Octopode Shapeshifter on July 17, 2023.
             Was an Initiate of Cheibriados.
             Slain by a sky beast (5 damage)
             ... on level 5 of the Dungeon.
             The game lasted 00:04:57 (2801 turns).

LeprechaunX the Changeling (Octopode Shapeshifter)  Turns: 2801, Time: 00:04:58

Health: -2/42      AC:  1    Str: 18    XL:     6   Next: 55%
Magic:  7/7        EV: 13    Int: 11    God:    Cheibriados [......]
Gold:   176        SH:  0    Dex: 13    Spells: 5/5 levels left

rFire   . .          .
                       - Unarmed
rCold   . . .        (no shield)
rNeg    . . .        (helmet currently unavailable)
rPois   .            (no amulet)
rElec   .            (no ring)
rCorr   .            (no ring)
SInv    .            (no ring)
Will    .....        (no ring)
Stlth   ++           (no ring)
HPRegen 0.27/turn    (no ring)
MPRegen 0.10/turn    (no ring)
                     (no ring)

%: no passive effects
@: confused, beast-form, ambrosia-drunk, very slow
A: beast (slay +3), almost no armour, amphibious, 8 rings, camouflage 1,
gelatinous body 1, (nimble swimmer 1), tentacles
a: Begin Untransformation, Renounce Religion


You were on level 5 of the Dungeon.
You worshipped Cheibriados.
Cheibriados was noncommittal.
You were a hulking beast.
You visited 2 branches of the dungeon, and saw 6 of its levels.

You collected 176 gold pieces.

Inventory:

Missiles
 d - 18 boomerangs (quivered)
 i - 5 atropa-tipped darts
Talismans
 b - a beast talisman
Scrolls
 e - a scroll of immolation {unknown}
 g - a scroll of noise {unknown}
 j - a scroll of fear {unknown}
 l - 5 scrolls of identify {unknown}
 n - 2 scrolls of teleportation {unknown}
 o - 2 scrolls of enchant weapon {unknown}
 p - a scroll of vulnerability {unknown}
Potions
 a - 5 potions of lignification
 c - a potion of heal wounds {unknown}
 f - a potion of ambrosia
 h - a potion of haste {unknown}
 k - a potion of invisibility {unknown}
 m - a potion of mutation {unknown}


   Skills:
 + Level 3.4 Fighting
 + Level 1.5 Throwing
 - Level 2.0 Dodging
 + Level 3.3 Unarmed Combat
 + Level 1.6 Invocations
 * Level 4.6 Shapeshifting


You had 5 spell levels left.
You didn't know any spells.
Your spell library contained the following spells:

 Spells                   Type           Power      Damage    Failure   Level
 Cigotuvi's Dreadful Rot  Necr/Pois/Air  0%         N/A       47%         2
 Lesser Beckoning         Tloc           0%         N/A       47%         2
 Scorch                   Fire           0%         2d5       47%         2
 Gell's Gravitas          Tloc           0%         N/A       71%         3
 Teleport Other           Tloc           0%         N/A       71%         3
 Dispel Undead            Necr           0%         3d6       98%         4
 Flame Wave               Conj/Fire      0%         2d4       98%         4
 Death Channel            Necr           0%         N/A       100%        6
 Summon Cactus Giant      Summ           0%         N/A       100%        6


Dungeon Overview and Level Annotations

Branches:
Dungeon (5/15)             Temple (1/1) D:4

Altars:
Ashenzari
Cheibriados
Fedhas
Gozag
Hepliaklqana
Kikubaaqudgha
Nemelex Xobeh
Ru
Sif Muna
Uskayaw


Innate Abilities, Weirdness & Mutations

You are a hulking beast.
Your limbs bulge with bestial killing power. (Slay +3)
You cannot wear most types of armour.
You are amphibious.
You can wear up to eight rings at the same time.
Your skin changes colour to match your surroundings (Stealth+).
Your rubbery body absorbs attacks. (AC +1, EV +1)
((You are camouflaged when in or above water. (Stealth+)))
You have tentacles for arms and can constrict up to eight enemies at once.


Message History

Deactivating autopickup; reactivate with Ctrl-A.
Something hits you but does no damage.
There is a strange disturbance nearby!
There is a strange disturbance nearby!
You miss something. Something hits you. Something shocks you.
You barely miss something. Your squeeze misses something.
Something hits you but does no damage.
You closely miss something. You squeeze something. Something hits you.
Something shocks you.
You tentacle-slap something.
A sky beast appears from thin air!
Reactivating autopickup.
The sky beast hits you but does no damage.
You miss the sky beast. Your squeeze misses the sky beast.
The sky beast is lightly wounded.
The sky beast barely misses you.
You closely miss the sky beast.
The sky beast is lightly wounded.
The sky beast hits you. The sky beast shocks you.
You bludgeon the sky beast!
The sky beast is moderately wounded.
The sky beast hits you. The sky beast shocks you.
* * * LOW HITPOINT WARNING * * *
You barely miss the sky beast.
The sky beast is moderately wounded.
The sky beast closely misses you.
You barely miss the sky beast. Your squeeze misses the sky beast.
The sky beast is moderately wounded.
The sky beast completely misses you.
You tentacle-slap the sky beast.
The sky beast is heavily wounded.
The sky beast hits you.
* * * LOW HITPOINT WARNING * * *
The sky beast shocks you.
* * * LOW HITPOINT WARNING * * *
It was a potion of ambrosia.
You are confused.
You feel invigorated. The sky beast hits you.
* * * LOW HITPOINT WARNING * * *
The sky beast shocks you.
You die...

.######...##..........#
.#............<.......#
.#.##...#####.........#
.# #..................#
.# #.#...††...#########
## #.#........#...#####
....................
.#.#........#...#### #
#........#Yh.#
#........#.~.#
#........#...#
............)..
##........#...##
##########...# #...#
#####


You could see a sky beast.

Vanquished Creatures
  A scorpion (D:4)
  A jelly (D:5)
  An orc priest (D:4)
  A hound (D:5)
  2 iguanas
  7 adders
  2 worms
  10 orcs
  4 endoplasms
  4 giant cockroaches
  2 goblins
  5 hobgoblins
  6 kobolds
  3 quokkas
  3 ball pythons
  4 bats
  5 frilled lizards
  3 rats
64 creatures vanquished.

Notes
Turn   | Place    | Note
-------+----------+-------------------------------------------
     0 | D:1      | LeprechaunX the Octopode Shapeshifter began the quest for
                  | the Orb.
     0 | D:1      | Reached XP level 1. HP: 14/14 MP: 1/1
   229 | D:1      | Reached XP level 2. HP: 18/19 MP: 2/2
   627 | D:2      | Reached XP level 3. HP: 14/25 MP: 3/3
  1094 | D:3      | Reached XP level 4. HP: 27/30 MP: 4/4
  1531 | D:3      | Found a faded altar of an unknown god.
  1642 | D:3      | Reached skill level 4 in Shapeshifting
  1867 | D:4      | Found a staircase to the Ecumenical Temple.
  2054 | Temple   | Entered the Ecumenical Temple
  2074 | Temple   | Became a worshipper of Cheibriados the Contemplative
  2265 | D:4      | Reached XP level 5. HP: 30/36 MP: 5/5
  2420 | D:4      | Reached skill level 1 in Throwing
  2420 | D:4      | Reached skill level 1 in Invocations
  2420 | D:4      | Reached XP level 6. HP: 35/42 MP: 6/6
  2681 | D:5      | Entered Level 5 of the Dungeon
  2788 | D:5      | Noticed a sky beast
  2800 | D:5      | HP: 1/42 [sky beast (6)]
  2801 | D:5      | Slain by a sky beast

Illustrated notes

Levels and vault maps discovered:
D:1:      minmay_arrival_solitary_statue, layout_basic
D:2:      layout_rooms
D:3:      layout_loops_ring, basic_ecumenical_altar
D:4:      layout_loops_ring, temple_hall
D:5:      layout_basic, grunt_temple_overflow_lords_of_destruction,
          serial_shops, nicolae_shop_stone
Temple:   nicolae_temple_bog_church

Skill      XL: |  1  2  3  4  5 |
---------------+----------------+-----
Shapeshifting  | 4 |  4.6
Fighting       | 3 |  3.4
Unarmed Combat | 3 |  3.3
Throwing       | 1 |  1.5
Invocations    | 1 |  1.6
Dodging        | |  2.0

Action                     |  1- 3 |  4- 6 || total
---------------------------+-------+-------++-------
  Melee: Unarmed           |    52 |    73 ||   125
         Constrict         |    11 |    19 ||    30
         Tentacles         |     7 |    16 ||    23
         Punch             |     1 |     4 ||     5
  Throw: Boomerang         |       |    23 ||    23
    Use: Potion            |       |     1 ||     1
   Stab: Sleeping          |     5 |     8 ||    13
 Armour: Skin              |     6 |     7 ||    13
  Dodge: Dodged            |    24 |    28 ||    52

Table legend: (Time is in decaauts)
 A = Elapsed time spent in this place.
 B = Non-inter-level travel time spent in this place.
 C = Inter-level travel time spent in this place.
 D = Time resting spent in this place.
 E = Time spent auto-exploring this place.
 F = Levels seen in this place.
 G = Mean time per level.
                   A        B        C        D        E       F      G
               +--------+--------+--------+--------+--------+-----+--------+
         Total |   2960 |   2774 |    186 |      0 |   2273 |   6 |  493.3 |
       Dungeon |   2921 |   2735 |    186 |      0 |   2262 |   5 |  584.2 |
        Temple |     39 |     39 |      0 |      0 |     11 |   1 |   39.0 |
               +--------+--------+--------+--------+--------+-----+--------+

Top non-repeatable levels by time:
     D:4: 941 daAuts
     D:3: 766 daAuts
     D:2: 540 daAuts
     D:1: 536 daAuts
     D:5: 136 daAuts
  Temple: 39 daAuts
